 Dungeon Crawl Stone Soup version 0.18.1-8-gdd0e5ea (webtiles) character file.

50 zeroDi the Sneak (level 3, 0/18 HPs)
             Began as a Vine Stalker Assassin on June 3, 2016.
             Succumbed to an adder's poison
             ... on level 3 of the Dungeon.
             The game lasted 00:04:00 (1917 turns).

zeroDi the Sneak (Vine Stalker Assassin)            Turns: 1917, Time: 00:04:01

Health: 0/18       AC:  3    Str: 13    XL:     3   Next: 79%
Magic:  0/4        EV: 11    Int: 11    God:
Gold:   67         SH:  0    Dex: 16    Spells: 0 memorised, 2 levels left

rFire  . . .     SeeInvis .     a - +2 dagger
rCold  . . .     Gourm    .     c - +0 robe
rNeg   . . .     Faith    .     (no shield)
rPois  .         Spirit   +     (no helmet)
rElec  .         Dismiss  .     d - +0 cloak
rCorr  .         Reflect  .     (no gloves)
SustAt .         Harm     .     (no boots)
MR     .....                    (no amulet)
Stlth  +++.......               (no ring)
                                (no ring)

@: lethally poisoned (0 -> -6), not resistant to hostile enchantments, fairly
stealthy
A: fangs 2, regeneration 1, magic shield, antimagic bite, no device heal 3, rot
immunity
a: no special abilities


You were on level 3 of the Dungeon.
You were not hungry.

You visited 1 branch of the dungeon, and saw 3 of its levels.

You collected 67 gold pieces.


Innate Abilities, Weirdness & Mutations

You have extremely sharp teeth.
Your natural rate of healing is unusually fast.
When hurt, damage is shared between your health and your magic reserves.
Your bite disrupts and absorbs the magic of your enemies.
Potions and wands cannot restore your health.
You are immune to rotting.


   Skills:
 - Level 1.7 Fighting
 + Level 3.6 Short Blades
 - Level 1.7 Throwing
 - Level 0.7 Dodging
 - Level 4.8 Stealth


You had 2 spell levels left.
You didn't know any spells.

Inventory:

Hand Weapons
 a - a +2 dagger (weapon)
 b - a +0 blowgun
Missiles
 e - 8 poisoned needles
 m - 55 stones (quivered)
Armour
 c - a +0 robe (worn)
 d - a +0 cloak (worn)
 v - a +0 shield
Jewellery
 j - an uncursed amulet of faith {unknown}
 l - a +2 ring of evasion {unknown}
 t - an uncursed amulet of faith {unknown}
Wands
 q - a wand of random effects (33/48)
Scrolls
 i - a scroll of remove curse {unknown}
 k - 2 scrolls of teleportation {unknown}
 u - a scroll of blinking {unknown}
 w - a scroll of random uselessness {unknown}
Potions
 n - 2 potions of heal wounds {unknown}
 p - a potion of lignification {unknown}
 s - a potion of flight {unknown}
 z - a potion of curing {unknown}
Comestibles
 g - 3 bread rations
 h - a meat ration
 o - a beef jerky
 r - a slice of pizza

Dungeon Overview and Level Annotations

Branches:
Dungeon (3/15)

Altars:
Trog

Annotations:
D:3 Blork the orc, Sigmund

############
########...........
#.@......##########
#.######## ### #S#
#.. #.# #.# #.# #.#
#.# #.# .........#
#.# #####....(. #.#
......<.# #%#


You could see an adder.


Message History

The adder poisons you!
You hit the adder but do no damage.
You feel sick. The adder bites you.
* * * LOW HITPOINT WARNING * * *
You feel sick.
You feel sick.
Sigmund gestures wildly while chanting.
Sigmund flickers and vanishes!
The adder bites you.
* * * LOW HITPOINT WARNING * * *
You hit the adder. Your bite misses the adder.
The adder is moderately wounded.
The adder misses you.
You barely miss the adder. You bite the adder, but do no damage.
The adder is moderately wounded.
* * * LOW HITPOINT WARNING * * *
You feel sick. The adder bites you.
You are more poisoned.
The adder poisons you!
* * * LOW HITPOINT WARNING * * *
You feel sick.
You die...

Action                   || total
-------------------------++-------
Melee: Dagger            ||    85
       Bite              ||    13
 Fire: Blowgun           ||     2
Throw: Stone             ||    21
 Stab: Sleeping          ||    16
       Distracted        ||     1
  Eat: Chunk             ||     3
Armor: Robe              ||     8
Dodge: Dodged            ||    38

Vault maps used:
D:1:      scummos_arrival_forest
D:3:      overflow_temple_1_default, old_standard_altar, tgw_sif, uniq_sigmund

Notes
Turn   | Place    | Note
--------------------------------------------------------------
     0 | D:1      | zeroDi the Vine Stalker Assassin began the quest for the Orb.
     0 | D:1      | Reached XP level 1. HP: 11/11 MP: 2/2
   111 | D:1      | Reached skill level 2 in Short Blades
   247 | D:1      | Reached XP level 2. HP: 15/15 MP: 3/3
   778 | D:2      | Reached skill level 3 in Short Blades
   807 | D:2      | Reached XP level 3. HP: 18/18 MP: 4/4
  1320 | D:3      | Found a bloodstained altar of Trog.
  1448 | D:3      | Noticed Blork the orc
  1899 | D:3      | Noticed Sigmund
  1915 | D:3      | HP: 1/18 [poisoned by an adder]
  1917 | D:3      | Succumbed to an adder's poison

Vanquished Creatures
  A worm (D:2)
  3 giant geckos
  A ball python (D:3)
  8 bats
  2 giant cockroaches
  4 goblins
  5 hobgoblins
  2 jackals (D:1)
  3 giant newts
  9 kobolds
  5 rats
43 creatures vanquished.
